Map: Catalisador LE

Players

IagoAbreu

  • Race: Zerg Zerg
  • League: Gold
  • Spawn Location: 11:00

Falk - Winner!

  • Race: Terran Terran
  • League: Silver
  • Spawn Location: 5:00

VOD

Have the link to the VOD?

Description

Time

  • Played on: May 12, 2018, 10:42 a.m.
  • Length: 7:38
Show
View Real Time Build Order
Export as new Build Order

IagoAbreu Zerg 

Build Orders: Pool First 

Get SALT Encoding   

  12  0:02  Drone  
  13  0:13  Overlord  
  13  0:18  Drone  
  13  0:20  Extractor  
  13  0:24  Drone  
  14  0:33  Drone  
  15  0:38  Drone  
  16  0:54  Spawning Pool  
  15  0:57  Evolution Chamber  
  15  0:59  Drone  
  15  1:04  Drone  
  16  1:12  Drone  
  17  1:18  Drone  
  18  1:29  Drone  
  19  1:42  Drone  
  22  1:51  Hatchery  
  19  1:56  Queen  
  21  2:04  Overlord  
  21  2:30  Zerg Missile Weapons Level 1  
  21  2:34  Roach Warren  
  20  2:39  Baneling Nest  
  20  2:43  Queen  
  21  2:46  Zergling x2  
  22  3:04  Overlord x3  
  22  3:38  Zergling x2  
  22  3:39  Zergling x10  
  28  3:45  Roach x2  
  28  3:46  Roach  
  34  3:49  Extractor  
  34  3:50  Drone  
  34  3:55  Drone  
  35  4:03  Baneling x2  
  35  4:15  Drone  
  35  4:16  Drone x2  
  35  4:17  Drone  
  39  4:22  Baneling  
  39  4:23  Baneling x3  
  39  4:37  Drone  
  39  4:38  Drone x2  
  42  4:42  Overlord  
  42  4:51  Ravager x2  
  42  4:52  Ravager  
  45  4:55  Baneling x3  
  45  4:56  Baneling x2  
  45  4:58  Baneling  
  45  5:14  Roach x3  
  51  5:31  Roach  
  51  5:32  Roach x3  
  59  5:43  Extractor  
  59  5:45  Extractor  
  59  5:47  Drone, Overlord x2  
  59  5:48  Drone  
  53  6:05  Roach  
  53  6:06  Roach x3  
  58  6:19  Roach x2  
  15  7:16  Hatchery  
Show
View Real Time Build Order
Export as new Build Order

Falk Terran - Winner!

Build Orders:  

Get SALT Encoding   

  12  0:02  SCV  
  13  0:14  SCV  
  14  0:23  Supply Depot  
  14  0:26  SCV  
  15  0:29  Refinery  
  15  0:45  SCV  
  16  0:51  Barracks  
  16  0:57  SCV  
  17  1:09  SCV  
  17  1:10  Supply Depot  
  18  1:21  SCV  
  19  1:33  SCV  
  19  1:39  Factory  
  20  1:47  Barracks  
  20  1:49  Marine  
  21  1:55  Refinery  
  21  1:57  SCV  
  22  2:07  Marine  
  23  2:09  SCV  
  23  2:13  Barracks  
  24  2:21  SCV  
  25  2:24  Factory Tech Lab  
  25  2:30  Starport  
  25  2:33  Barracks Reactor  
  25  2:45  Supply Depot  
  25  2:51  Barracks Tech Lab  
  25  2:55  SCV  
  26  3:06  Engineering Bay  
  26  3:09  Siege Tank  
  30  3:32  Medivac  
  30  3:33  Marine  
  32  3:35  Marine  
  32  3:36  Marine  
  34  3:47  Supply Depot  
  34  3:51  Marine  
  34  3:52  Marine  
  34  3:53  Marine  
  37  3:58  Medivac  
  39  4:08  Siege Tank  
  42  4:10  Marine  
  42  4:11  Marine  
  42  4:13  Marine  
  45  4:19  Supply Depot  
  45  4:29  Marine  
  45  4:30  Marine  
  47  4:40  Marine  
  48  4:47  Marine  
  48  4:51  Siege Tank  
  52  4:53  Marine  
  52  4:58  Marine  
  54  5:05  Marine  
  55  5:13  Supply Depot  
  55  5:22  Supply Depot  
  55  5:34  Marine x3, Medivac  
  60  5:52  Marine  
Tags
 
Add a new tag
Caveats
  • Supply blocks, unpowered buildings, or Contaminate may cause inaccurate times.
  • Supply counts are checked every 10 seconds.